 Dungeon Crawl Stone Soup version 0.29.1-13-g9f3cf754e1 (webtiles) character file.

Game seed: 11540249165197432131

37 Exodus22XD the Covered (level 3, 33/33 HPs)
             Began as a Minotaur Fighter on Feb 5, 2023.
             Was a High Priest of Ignis.
             Quit the game on level 1 of the Dungeon.
             The game lasted 00:00:40 (615 turns).

Exodus22XD the Covered (Minotaur Fighter)            Turns: 615, Time: 00:00:41

Health: 33/33      AC:  7    Str: 22    XL:     3   Next: 21%
Magic:  2/2        EV:  9    Int:  5    God:    Ignis [*****.]
Gold:   60         SH:  4    Dex:  9    Spells: 2/2 levels left

rFire   + . .      SeeInvis .   a - +0 war axe
rCold   . . .      Faith    .   c - +0 buckler
rNeg    . . .      Spirit   .   b - +0 scale mail
rPois   +          Reflect  .   (helmet restricted)
rElec   .          Harm     .   (no cloak)
rCorr   .          Rampage  .   (no gloves)
Will    .....                   (no boots)
Stlth   ..........              (no amulet)
HPRegen 0.11/turn               j - ring of poison resistance
MPRegen 0.08/turn               (no ring)

@: no status effects
A: horns 2, retaliatory headbutt
a: Renounce Religion, Fiery Armour, Foxfire Swarm, Rising Flame


You were on level 1 of the Dungeon.
You worshipped Ignis.
Ignis was extremely pleased with you.
You visited 1 branch of the dungeon, and saw 1 of its levels.

You collected 60 gold pieces.

Inventory:

Hand Weapons
 a - a +0 war axe (weapon)
Armour
 b - a +0 scale mail (worn)
 c - a +0 buckler (worn)
Jewellery
 j - a ring of poison resistance (left hand)
Scrolls
 e - 2 scrolls of teleportation {unknown}
 g - a scroll of vulnerability {unknown}
Potions
 d - a potion of might
 f - 2 potions of curing {unknown}
 h - a potion of attraction {unknown}
 i - 2 potions of lignification {unknown}
 k - a potion of haste {unknown}


   Skills:
 + Level 4.1 Fighting
 + Level 3.0 Axes
 + Level 4.1 Armour
 + Level 4.0 Shields


You had 2 spell levels left.
You didn't know any spells.
Your spell library was empty.

Dungeon Overview and Level Annotations

Branches:
Dungeon (1/15)

Altars:
Ignis


Innate Abilities, Weirdness & Mutations

You have a pair of horns on your head.
You reflexively headbutt those who attack you in melee.


Message History

There are monsters nearby!
You slash the ball python!
You kill the ball python!
A dart slug is nearby!
The dart slug bites you but does no damage.
You see here a ball python corpse.
A dart slug is nearby!
You completely miss the dart slug. You headbutt the dart slug.
The dart slug is severely wounded.
The dart slug launches a dart at you. The slug dart hits you.
A dart slug is nearby!
You slash the dart slug!
You kill the dart slug!
Key pressed, stopping explore.
No target in view!
No target in view!
You now have 60 gold pieces (gained 5).
You see here a ball python corpse.
Found 5 stones.
No target in view!
You see here 5 stones.
Found 6 stones.
No target in view!
No target in view!
Found a faded altar of an unknown god.
No target in view!
A rat comes into view.
You hit the rat.
You kill the rat!
You slash the plant!
The plant begins to die.
You slash the plant!
The plant begins to die.
No target in view!
No target in view!
A nearby plant withers and dies. x2
There is a faded altar of an unknown god here.
You cannot tell which god this altar belongs to.
Convert to them anyway?
Ignis accepts your prayer! Ignis welcomes you!
Are you sure you want to abandon this character and quit the game? (Confirm with "yes".)

#..# #.#.# #)#..†##..#.#######
#..###.#.# #.#.....†.........###
.........####.#...###.#...#....†)
##.###.........#.####.#.#..)###.#
#.# ##..####...... #.#.#######.#
#.# #..# #..P.P.. ....# ###...
#.# #..###.P♣♣P♣ ..### #..... #.#
#..#......P♣ P..# #.#...
##.####..#.#.P♣P@♣.P..# #.##.#
................P.P...# #.##.#
...###.#####...P..♣...######.##..
#### #.# #..†.................#
#.## ##.........####.####..
###..#######.##.#.......### #.
#.........................###.
#.P~~~~~~~~P...P~~~~~≈~~......
#.~≈≈~~~~≈≈~...~~≈~~~~≈≈~.###.


There were no monsters in sight!

Vanquished Creatures
  2 dart slugs (D:1)
  A ball python (D:1)
  2 bats (D:1)
  2 endoplasms (D:1)
  3 hobgoblins (D:1)
  8 jackals (D:1)
  A kobold (D:1)
  2 quokkas (D:1)
  3 frilled lizards (D:1)
  A goblin (D:1)
  4 rats (D:1)
29 creatures vanquished.

Vanquished Creatures (others)
  A fungus (D:1)
  8 plants (D:1)
9 creatures vanquished.

Grand Total: 38 creatures vanquished

Notes
Turn   | Place    | Note
-------+----------+-------------------------------------------
     0 | D:1      | Exodus22XD the Minotaur Fighter began the quest for the
                  | Orb.
     0 | D:1      | Reached XP level 1. HP: 19/19 MP: 0/0
    97 | D:1      | Reached XP level 2. HP: 25/27 MP: 1/1
   361 | D:1      | Reached XP level 3. HP: 33/33 MP: 2/2
   605 | D:1      | Found a faded altar of an unknown god.
   614 | D:1      | Prayed at the altar of an unknown god.
   614 | D:1      | Became a worshipper of Ignis, the Dying Flame
   615 | D:1      | Quit the game

Illustrated notes

Levels and vault maps discovered:
D:1:      giann_bridges, layout_loops_ring, dreamdust_ecumenical_altar_grove

Skill      XL: |  1  2  3 |
---------------+----------+-----
Armour         | 4 |  4.1
Fighting       | 4 |  4.1
Shields        | 4 |  4.0
Axes           | 3 |  3.0

Action                   || total
-------------------------++-------
Melee: War axe           ||    50
       Headbutt          ||     8
Armor: Scale mail        ||    26
Dodge: Dodged            ||    19
Block: Buckler           ||    12
